 Dungeon Crawl Stone Soup version 0.28.0-53-g5a82cb258f (webtiles) character file.

Game seed: 11349940186425019100

12285 Laubgeist the Quickloader (level 12, -8/61 (87) HPs)
             Began as a Human Wanderer on June 28, 2022.
             Was a High Priest of Hepliaklqana.
             Killed by an exploding orc (25 damage)
             ... ignited by their inner flame
             ... on level 11 of the Dungeon.
             The game lasted 00:52:43 (9419 turns).

Laubgeist the Quickloader (Human Wanderer)          Turns: 9419, Time: 00:52:44

HP:   -8/61 (87)    AC: 34    Str: 14    XL:     12   Next: 18%
MP:   16/16         EV:  5    Int: 12    God:    Hepliaklqana [*****.]
Gold: 672           SH:  0    Dex: 22    Spells: 13/17 levels left

rFire   . . .      SeeInvis +   x - +6 long sword "Naetum" {freeze, Drain rN+ Dex+5}
rCold   . . .      Faith    .   (no shield)
rNeg    + . .      Spirit   .   q - +10 plate armour of Stoicism {Regen+}
rPois   .          Reflect  .   j - +0 helmet
rElec   .          Harm     .   (no cloak)
rCorr   .          Rampage  .   C - +2 pair of gloves
Will    .....      Clarity  +   p - +1 pair of boots
Stlth   ..........              B - amulet of the acrobat
HPRegen 1.00/turn               l - +4 ring of protection
MPRegen 0.15/turn               (no ring)

@: very heavily drained
A: reduced essence, see invisible, clarity
a: Renounce Religion, Recall Ancestor, Ancestor Identity, Transference, Idealise


You were on level 11 of the Dungeon.
You worshipped Hepliaklqana.
Hepliaklqana was extremely pleased with you.
You visited 2 branches of the dungeon, and saw 12 of its levels.

You collected 672 gold pieces.

Inventory:

Hand Weapons
 a - a +7 hand crossbow of venom
 x - the +6 long sword "Naetum" (weapon) {freeze, Drain rN+ Dex+5}
   (You found it on level 9 of the Dungeon)

   It freezes those it strikes, dealing additional cold damage.
   It can also slow down cold-blooded creatures.
   Dex:       It affects your dexterity (+5).
   rN:        It protects you from negative energy.
   Drain:     It drains your maximum health when unequipped.
Missiles
 c - 10 poisoned darts (quivered)
 e - 2 curare-tipped darts
 v - 5 throwing nets
 y - 12 silver boomerangs
Armour
 j - a +0 helmet (worn)
 p - a +1 pair of boots (worn)
 q - the +10 plate armour of Stoicism (worn) {Regen+}
   (You found it on level 4 of the Dungeon)

   Regen:     It increases your rate of health regeneration.
 r - the +1 robe "Ufronig" {Dex+3}
   (You found it on level 4 of the Dungeon)

   Dex:       It affects your dexterity (+3).
 C - a +2 pair of gloves (worn)
Jewellery
 k - a ring of see invisible
 l - a +4 ring of protection (left hand)
 B - an amulet of the acrobat (around neck)
Wands
 d - a wand of polymorph (6)
 o - a wand of acid (6)
Scrolls
 f - 2 scrolls of teleportation
 i - 7 scrolls of identify
 n - a scroll of enchant armour
 t - 3 scrolls of fear
Potions
 g - 3 potions of heal wounds
 h - 2 potions of attraction
 m - 3 potions of curing
 s - a potion of resistance
 u - a potion of degeneration
 w - a potion of lignification {unknown}
 z - 2 potions of ambrosia
 D - a potion of might {unknown}


   Skills:
 + Level 10.1 Fighting
 + Level 2.9 Long Blades
 + Level 13.6 Crossbows
 + Level 2.0 Throwing
 + Level 7.1 Armour
 + Level 2.7 Dodging
 + Level 1.8 Stealth
 + Level 3.1 Spellcasting
 + Level 1.0 Hexes


You had 13 spell levels left.
You knew the following spells:

 Your Spells              Type           Power      Damage    Failure   Level
a - Slow                  Hex            16%        N/A       100%        1
b - Portal Projectile     Hex/Tloc       6%         N/A       100%        3

Your spell library contained the following spells:

 Spells                   Type           Power      Damage    Failure   Level
 Beastly Appendage        Tmut           2%         N/A       100%        1
 Foxfire                  Conj/Fire      4%         2x1d4     100%        1
 Corpse Rot               Necr/Air       2%         N/A       100%        2
 Ensorcelled Hibernation  Hex/Ice        6%         N/A       100%        2
 Passwall                 Tmut/Erth      0%         N/A       100%        2
 Poisonous Vapours        Pois/Air       2%         N/A       100%        2
 Wereblood                Tmut           1%         N/A       100%        2
 Call Canine Familiar     Summ           1%         N/A       100%        3
 Conjure Flame            Conj/Fire      1%         6-21      100%        3
 Inner Flame              Hex/Fire       3%         N/A       100%        3
 Spider Form              Tmut/Pois      1%         N/A       100%        3
 Swiftness                Air            1%         N/A       100%        3
 Tukima's Dance           Hex            4%         N/A       100%        3
 Anguish                  Hex/Necr       1%         N/A       100%        4
 Flame Wave               Conj/Fire      1%         2d4       100%        4
 Leda's Liquefaction      Hex/Erth       1%         N/A       100%        4
 Summon Lightning Spire   Summ/Air       1%         N/A       100%        4
 Summon Forest            Summ/Tloc      0%         N/A       100%        5
 Summon Mana Viper        Hex/Summ       3%         N/A       100%        5
 Summon Cactus Giant      Summ           0%         N/A       100%        6
 Enfeeble                 Hex            2%         N/A       100%        7
 Storm Form               Tmut/Air       0%         N/A       100%        7
 Maxwell's Capacitive Co  Air            0%         ∞         100%        8


Dungeon Overview and Level Annotations

Branches:
Dungeon (11/15)            Temple (1/1) D:4
   Lair: D:8-11         Orc: D:9-12

Altars:
Ashenzari
Cheibriados
Dithmenos
Elyvilon
Fedhas
Gozag
Hepliaklqana
Kikubaaqudgha
Makhleb
Nemelex Xobeh
Okawaru
Qazlal
Ru
Sif Muna
Trog
Uskayaw
Vehumet
Wu Jian
Xom
Yredelemnul
Zin
The Shining One

Shops:
D:3 (   D:5 *   D:6 ([:?(   D:7 (   D:9 =

Portals:
Trove: D:10 (give Wrath of Trog)

Annotations:
D:3 2 transporters


Innate Abilities, Weirdness & Mutations

Your life essence is reduced to manifest your ancestor. (-10% HP)
You have supernaturally acute eyesight. (SInv)
You possess an exceptional clarity of mind.


Message History

Thulani hits the orc warrior with a +0 flail!
The orc warrior hits you with a +0 short sword.
You hit the orc warrior but do no damage.
The orc warrior is heavily wounded.
Thulani blocks the orc's attack.
An orc priest comes into view. It is wielding a +0 flail.
The orc warrior hits you but does no damage.
The orc hits you but does no damage.
Thulani barely misses the orc.
The orc warrior hits you but does no damage.
You hit the orc warrior. You freeze the orc warrior.
The orc warrior is severely wounded.
Thulani blocks the orc's attack.
The orc warrior hits you but does no damage.
The orc barely misses you.
Thulani closely misses the orc.
The orc hits Thulani but does no damage.
Thulani blocks the orc's attack.
You barely miss the orc warrior.
The orc warrior is severely wounded.
The orc warrior hits you but does no damage.
The orc hits you but does no damage.
Thulani hits the orc with a +0 flail!
The orc dies!
The orc warrior hits you but does no damage.
The orc barely misses Thulani.
The orc priest mumbles some strange prayers to Beogh against you.
Beogh smites you!
The orc warrior hits you but does no damage.
The orc priest invokes the aid of Beogh against you.
Beogh smites you!
* * * LOW HITPOINT WARNING * * *
You hear a shout!
You are too injured to fight recklessly!
As you read the scroll labelled MEONKUFADO, it crumbles to dust.
The creatures around you are filled with an inner flame!
It was a scroll of immolation.
The orc warrior hits you but does no damage.
Thulani blocks the orc's attack.
Thulani hits the orc with a +0 flail!
The orc explodes!
The fiery explosion engulfs the orc warrior!!
Thulani avoids your attack. The fiery explosion engulfs you!!
You die...

#.......[.#........+
#.........#.......##
#........(#.......##
#.........#.........
#.........#.........
#.........'.......##
#.........#.......#.
#..§o§....#.......#.
#..@§o....#.......#.
#.oRoo....#.......#.
#.)o......#########.
..)o....oo...........
##8o8#####8'8
#....... .(... ..
#......# #..... .
#......# #...⌠
#......# #......'


You could see the friendly Thulani the knight (inner flame), 2 orc warriors, 2
orc priests and 6 orcs.

Vanquished Creatures
  Harold (D:8)
  Erica (D:8)
  A two-headed ogre (D:9)
  Sonja (D:10)
  2 gargoyles
  2 trolls (D:9)
  A shadow (D:11)
  11 yaks
  Sigmund (D:4)
  A vampire (D:11)
  A steam dragon (D:7)
  6 orc warriors
  2 ice beasts (D:8)
  A black bear (D:4)
  2 necrophages
  An ogre (D:6)
  8 centaurs
  3 wolves (D:8)
  3 bullfrogs
  3 gnoll sergeants
  A wyvern zombie (D:8)
  A scorpion (D:5)
  5 wights (D:8)
  A howler monkey (D:7)
  A bullfrog zombie (D:3)
  A centaur zombie (D:7)
  4 orc priests
  A centaur skeleton (D:6)
  A hound (D:4)
  A jelly (D:5)
  A gnoll shaman (D:10)
  An iron imp (D:3)
  4 iguanas
  9 orc wizards
  A killer bee zombie (D:5)
  A hound zombie (D:5)
  18 gnolls
  A howler monkey skeleton (D:4)
  6 adders
  A white imp (D:6)
  2 ufetubi
  A dart slug (D:2)
  22 orcs
  5 endoplasms
  4 giant cockroaches
  5 goblins
  2 hobgoblins
  4 jackals
  3 quokkas
  7 ball pythons
  4 bats
  4 frilled lizards
  10 kobolds
  4 rats
  A spectral kobold (D:9)
190 creatures vanquished.

Vanquished Creatures (collateral kills)
  A two-headed ogre (D:8)
  A cyclops (D:11)
  A centaur zombie (D:10)
  An unseen horror (D:10)
  Grum (D:8)
  A yak (D:10)
  A wyvern (D:11)
  A steam dragon (D:4)
  A water moccasin (D:7)
  An orc warrior (D:11)
  A centaur (D:11)
  A wolf (D:8)
  A bullfrog (D:8)
  2 scorpions
  2 gnoll sergeants
  A wyvern zombie (D:7)
  2 bullfrog skeletons
  An orc priest (D:7)
  2 iron imps (D:3)
  An iguana (D:6)
  2 orc wizards
  A killer bee zombie (D:8)
  5 gnolls (D:10)
  A howler monkey skeleton (D:6)
  An adder (D:6)
  A white imp (D:5)
  A dart slug (D:4)
  6 orcs
  3 jackals
  2 kobolds
  A goblin (D:3)
48 creatures vanquished.

Vanquished Creatures (others)
  A knight (D:11)
  An ancestor (D:2)
2 creatures vanquished.

Grand Total: 240 creatures vanquished

Notes
Turn   | Place    | Note
-------+----------+-------------------------------------------
     0 | D:1      | Laubgeist the Human Wanderer began the quest for the Orb.
     0 | D:1      | Laubgeist set off with the following items: a +2 hand
                  | crossbow, 27 bolts, 10 poisoned darts, a +0 dagger, a +0
                  | leather armour; and the following spell memorised: Slow;
                  | and the following spells available to memorise: Portal
                  | Projectile
     0 | D:1      | Reached XP level 1. HP: 13/13 MP: 4/4
   475 | D:1      | Reached XP level 2. HP: 14/20 MP: 6/6
  1105 | D:2      | Found a faded altar of an unknown god.
  1113 | D:2      | Prayed at the altar of an unknown god.
  1113 | D:2      | Became a worshipper of Hepliaklqana the Forgotten
  1113 | D:2      | Reached * piety under Hepliaklqana
  1240 | D:2      | Reached skill level 1 in Fighting
  1240 | D:2      | Reached XP level 3. HP: 8/23 MP: 7/7
  1752 | D:2      | Reached skill level 1 in Armour
  1822 | D:2      | Reached XP level 4. HP: 29/29 MP: 8/8
  2430 | D:3      | Learned a level 3 spell: Portal Projectile
  2443 | D:3      | Reached ** piety under Hepliaklqana
  2450 | D:3      | Remembered your ancestor Thulani as a knight
  2453 | D:3      | Found a transporter.
  2472 | D:3      | Found a transporter.
  2577 | D:3      | Reached skill level 5 in Crossbows
  2577 | D:3      | Reached XP level 5. HP: 34/34 MP: 9/9
  2738 | D:3      | Found Cuicesuq's Weapon Shoppe.
  2758 | D:3      | Found a burning altar of Makhleb.
  2762 | D:3      | Reached skill level 1 in Dodging
  2766 | D:3      | Reached XP level 6. HP: 41/41 MP: 10/10
  3215 | D:4      | Noticed a steam dragon
  3221 | D:4      | Killed a steam dragon
  3222 | D:4      | Reached skill level 6 in Crossbows
  3234 | D:4      | Reached XP level 7. HP: 11/45 MP: 11/11
  3248 | D:4      | Noticed Sigmund
  3253 | D:4      | Killed Sigmund
  3298 | D:4      | Reached skill level 7 in Crossbows
  3298 | D:4      | Reached skill level 1 in Stealth
  3600 | D:4      | Found a staircase to the Ecumenical Temple.
  3608 | Temple   | Entered the Ecumenical Temple
  3810 | D:4      | Reached XP level 8. HP: 52/52 MP: 12/12
  4119 | D:4      | Identified the +10 plate armour of Stoicism {Regen+}
  4396 | D:4      | Identified the +1 robe "Ufronig" {Dex+3}
  4418 | D:5      | Entered Level 5 of the Dungeon
  4473 | D:5      | Reached *** piety under Hepliaklqana
  4626 | D:5      | Reached skill level 8 in Crossbows
  4865 | D:5      | Found Soneargh's Assorted Antiques.
  5014 | D:6      | Found Feakh's Armour Shop.
  5080 | D:6      | Found Opeicsoco's Magic Scroll Emporium.
  5093 | D:6      | Gained mutation: You possess an exceptional clarity of
                  | mind. [potion of mutation]
  5093 | D:6      | Gained mutation: You have sharp toenails. [potion of
                  | mutation]
  5094 | D:6      | Lost mutation: You have sharp toenails. [potion of
                  | mutation]
  5094 | D:6      | Lost mutation: You possess an exceptional clarity of mind.
                  | [potion of mutation]
  5094 | D:6      | Gained mutation: You have supernaturally acute eyesight.
                  | (SInv) [potion of mutation]
  5094 | D:6      | Gained mutation: You possess an exceptional clarity of
                  | mind. [potion of mutation]
  5189 | D:6      | Found Rogyes's Book Emporium.
  5216 | D:6      | Reached skill level 9 in Crossbows
  5216 | D:6      | Reached XP level 9. HP: 59/59 MP: 13/13
  5364 | D:6      | Found an ornate altar of the Wu Jian Council.
  5368 | D:6      | Found a shadowy altar of Dithmenos.
  5378 | D:6      | Found Adonai's Antique Weapon Shop.
  5455 | D:6      | Found a glowing silver altar of Zin.
  5455 | D:6      | Found a blossoming altar of Fedhas.
  5458 | D:6      | Found an iron altar of Okawaru.
  5459 | D:6      | Found a broken altar of Ashenzari.
  5512 | D:6      | Found Enaunuo's Antique Weapon Shoppe.
  5822 | D:7      | Reached skill level 5 in Fighting
  5999 | D:7      | Reached skill level 10 in Crossbows
  6114 | D:7      | Noticed a gargoyle
  6125 | D:7      | Killed a gargoyle
  6396 | D:8      | Noticed a two-headed ogre
  6401 | D:8      | Killed a two-headed ogre
  6402 | D:8      | Reached skill level 11 in Crossbows
  6402 | D:8      | Reached XP level 10. HP: 69/69 MP: 14/14
  6469 | D:8      | Noticed Grum
  6473 | D:8      | Reached skill level 5 in Armour
  6478 | D:8      | Killed Grum
  6556 | D:8      | Reached **** piety under Hepliaklqana
  6709 | D:8      | Noticed Erica
  6715 | D:8      | Killed Erica
  6716 | D:8      | Reached skill level 12 in Crossbows
  7049 | D:8      | Noticed Harold
  7054 | D:8      | Killed Harold
  7055 | D:8      | Reached XP level 11. HP: 77/77 MP: 15/15
  7247 | D:9      | Identified the +6 long sword "Naetum" {freeze, Drain rN+
                  | Dex+5}
  7268 | D:9      | Noticed a two-headed ogre
  7273 | D:9      | Killed a two-headed ogre
  7437 | D:9      | Reached skill level 13 in Crossbows
  7502 | D:9      | Found Dugefim's Jewellery Shop.
  7575 | D:9      | Found a hazy altar of Hepliaklqana.
  7897 | D:10     | Entered Level 10 of the Dungeon
  7954 | D:10     | Found a radiant altar of Vehumet.
  7963 | D:10     | Found an ancient bone altar of Kikubaaqudgha.
  7964 | D:10     | Found a shimmering blue altar of Sif Muna.
  8005 | D:10     | Got Sif Muna's Disquisition on Moulding
  8262 | D:10     | Noticed Sonja
  8265 | D:10     | Killed Sonja
  8281 | D:10     | Found a portal to a secret trove of treasure.
  8796 | D:10     | Found an opulent altar of Gozag.
  8873 | D:10     | Reached skill level 10 in Fighting
  8886 | D:10     | Reached XP level 12. HP: 67/76 MP: 16/16
  9088 | D:11     | Reached skill level 1 in Long Blades
  9178 | D:11     | Reached ***** piety under Hepliaklqana
  9419 | D:11     | Killed by an exploding orc... ignited by their inner flame

Illustrated notes

Levels and vault maps discovered:
D:1:      tarquinn_simple_flora_water_f, layout_basic
D:2:      layout_loops_corners, serial_aquarium, aquarium_bridge_island_small
          [aquarium_subvault_small_water, aquarium_subvault_bridge,
          aquarium_subvault_window, aquarium_subvault_bridge,
          aquarium_subvault_balcony], aquarium_bridge_long_separate
          [aquarium_subvault_wall, aquarium_subvault_bridge,
          aquarium_subvault_bridge, aquarium_subvault_balcony,
          aquarium_subvault_bridge, aquarium_subvault_wall], aquarium_window_2,
          aquarium_window_1, aquarium_view_2c, aquarium_pool_1,
          basic_ecumenical_altar
D:3:      gammafunk_wand_slinger, layout_basic, demons_altar, serial_shops,
          shop, serial_curves, eino_curves_01, eino_curves_03, st_stairs_9
D:4:      layout_loops_ring, minmay_temple_entry_statues_pillars,
          portal_sewer_entry_b, uniq_sigmund
D:5:      layout_basic, amcnicky_mini_corridor_feature, serial_bayou_pond_b,
          nicolae_stop_n_shop_1
D:6:      layout_rooms, minitemple, serial_shops, shop,
          nicolae_shop_hallway_plus, nicolae_shop_advertising_works
          [nicolae_subvault_shop_adworks], nicolae_shop_crystal, shop
D:7:      layout_loops_ring, kennysheep_dice
D:8:      layout_loops_ring, minmay_unpleasant_kobolds, uniq_harold, uniq_grum,
          uniq_erica
D:9:      layout_basic, nicolae_hepliaklqana_monster_ancestors, serial_shops,
          nicolae_shop_crystal
D:10:     layout_roguey, grunt_temple_overflow_magic_moments, kennysheep_mini,
          nicolae_trove_entry_isolated, uniq_sonja
D:11:     layout_gridville, dpeg_lair_monsters, david_orc_5,
          nicolae_transmutations_shop, nzn_life_drinkers, uniq_snorg
Temple:   cyrus_temple_forest

Skill      XL: |  1  2  3  4  5  6  7  8  9 10 11 12 |
---------------+-------------------------------------+-----
Fighting       | 1 2 3 4 6 8 10 | 10.1
Armour         | 1 2 3 4 5 6 7 |  7.1
Crossbows      | 5 6 7 9 11 12 13 | 13.6
Dodging        | 1 2 |  2.7
Stealth        | 1 |  1.8
Long Blades    | 2 |  2.9
Throwing       | |  2.0
Spellcasting   | |  3.1
Hexes          | |  1.0

Action                   |  1- 3 |  4- 6 |  7- 9 | 10-12 || total
-------------------------+-------+-------+-------+-------++-------
Melee: Long sword        |       |       |       |    36 ||    36
       Punch             |       |       |       |     1 ||     1
 Fire: Hand crossbow     |    67 |    61 |   216 |   283 ||   627
 Cast: Slow              |     2 |     1 |       |       ||     3
Invok: Ancestor Life: Kn |       |     1 |       |       ||     1
       Recall Ancestor   |       |       |       |     1 ||     1
  Use: Scroll            |     1 |       |    19 |     2 ||    22
       Potion            |       |       |     2 |     1 ||     3
Armor: Leather armour    |     5 |     4 |     1 |       ||    10
       Plate armour      |       |       |    38 |   172 ||   210
Dodge: Dodged            |    15 |     5 |    13 |    50 ||    83
